 Dungeon Crawl Stone Soup version 0.25-a0-942-g87a53962fc (webtiles) character file.

Game seed: 10282273743793745800, levelgen mode: deterministic

147 MrRokkomies the Bolt Thrower (level 5, -5/33 HPs)
             Began as a Kobold Hunter on May 6, 2020.
             Was an Initiate of Dithmenos.
             Killed from afar by an orc wizard (7 damage)
             ... with a puff of flame
             ... on level 2 of the Dungeon.
             The game lasted 00:07:12 (3521 turns).

MrRokkomies the Bolt Thrower (Kobold Hunter)        Turns: 3521, Time: 00:07:13

Health: -5/33      AC:  3    Str: 10    XL:     5   Next: 54%
Magic:  5/5        EV: 16    Int: 13    God:    Dithmenos [......]
Gold:   74         SH:  0    Dex: 15    Spells: 4/4 levels left

rFire    . . .     SeeInvis .   a - +1 hand crossbow
rCold    . . .     Gourm    .   (shield restricted)
rNeg     . . .     Faith    .   j - +0 robe (curse)
rPois    .         Spirit   .   (no helmet)
rElec    .         Reflect  .   (no cloak)
rCorr    .         Harm     .   m - +0 pair of gloves
MR       .....                  (no boots)
Stlth    ++........             k - amulet of inaccuracy (curse)
HPRegen  0.11/turn              (no ring)
MPRegen  0.09/turn              (no ring)

@: no status effects
A: small, carnivore
a: Renounce Religion


You were on level 2 of the Dungeon.
You worshipped Dithmenos.
Dithmenos was noncommittal.
You were completely stuffed.

You visited 1 branch of the dungeon, and saw 3 of its levels.

You collected 74 gold pieces.

Inventory:

Hand Weapons
 a - a +1 hand crossbow (weapon)
 b - a +0 short sword
Missiles
 d - 10 bolts (quivered)
Armour
 c - a +0 leather armour
 j - a cursed +0 robe (worn)
 m - a +0 pair of gloves (worn)
Jewellery
 k - a cursed amulet of inaccuracy (around neck)
Scrolls
 e - a scroll of fog
Potions
 l - a potion of resistance
 o - a potion of might {unknown}
 q - a potion of ambrosia {unknown}
 r - a potion of degeneration {unknown}
Comestibles
 f - 5 rations


   Skills:
 * Level 3.7 Fighting
 * Level 6.0 Crossbows
 + Level 3.3 Dodging
 + Level 3.0 Stealth


You had 4 spell levels left.
You didn't know any spells.
Your spell library was empty.

Dungeon Overview and Level Annotations

Branches:
Dungeon (3/15)

Altars:
Dithmenos


Innate Abilities, Weirdness & Mutations

You are small and have problems with some larger weapons.
You are carnivorous and can eat meat at any time.


Message History

You barely miss the orc wizard.
The orc wizard is heavily wounded.
The orc wizard hits you with a +0 dagger.
You barely miss the orc wizard.
The orc wizard is heavily wounded.
The orc wizard closely misses you.
You barely miss the orc wizard.
The orc wizard is heavily wounded.
The orc wizard casts a spell at you. The magic dart hits you!
* * * LOW HITPOINT WARNING * * *
You closely miss the orc wizard.
The orc wizard is heavily wounded.
The orc wizard hits you with a +0 dagger.
* * * LOW HITPOINT WARNING * * *
Unknown command.
a - a +1 hand crossbow (weapon)
The orc wizard gestures at you while chanting.
The puff of flame hits you!
You die...

## ####.##..######......##.# #.#
.# #............######.###.# #.#
.####...................# #.# #.#
....#............##########.# #.#
....#............# #......#.###.#
....#............# #............#
....#<...........# #............#
...........#.#######............#
...............o@..#............#
....#######..#####.#...........##
..[###...........#[#......#.####
...###...........#)#.#....#.#
.................#.#.#......#
....##......>......#.#..#.#######
#...##...........###.#..#........
#...##...........# #.#..#########
#......#############.#...........


You could see an orc wizard.

Vanquished Creatures
  An orc wizard (D:2)
  4 adders
  3 worms (D:2)
  3 dart slugs
  2 leopard geckos
  4 orcs
  A ball python (D:2)
  2 bats
  A giant cockroach (D:2)
  7 hobgoblins
  3 jackals (D:2)
  9 kobolds
  2 quokkas (D:2)
  5 frilled lizards
  8 goblins
  6 rats
61 creatures vanquished.

Notes
Turn   | Place    | Note
-------+----------+-------------------------------------------
     0 | D:1      | MrRokkomies the Kobold Hunter began the quest for the Orb.
     0 | D:1      | Reached XP level 1. HP: 12/12 MP: 1/1
   116 | D:1      | Reached skill level 5 in Crossbows
   116 | D:1      | Reached XP level 2. HP: 7/18 MP: 2/2
   779 | D:1      | Reached XP level 3. HP: 21/22 MP: 3/3
  1841 | D:2      | Reached XP level 4. HP: 28/28 MP: 4/4
  1881 | D:2      | Found a shadowy altar of Dithmenos.
  2335 | D:2      | Became a worshipper of Dithmenos the Shadowed
  2891 | D:2      | HP: 1/28 [poisoned by a kobold]
  2900 | D:2      | Reached XP level 5. HP: 9/32 MP: 5/5
  2908 | D:2      | Reached skill level 6 in Crossbows
  3521 | D:2      | Killed from afar by an orc wizard

Levels and vault maps discovered:
D:1:      dpeg_arrival_morbid_curiosity, layout_loops_ring,
          hangedman_decor_slide_cut
D:2:      layout_basic, grunt_dithmenos_smoke, first_ration
D:3:      layout_rooms, uniq_purgy

Skill      XL: |  1  2  3  4  5 |
---------------+----------------+-----
Crossbows      | 5 6 |  6.0
Stealth        | 2 3 |  3.0
Fighting       | 3 |  3.7
Dodging        | 3 |  3.3

Action                   |  1- 3 |  4- 6 || total
-------------------------+-------+-------++-------
Melee: Short sword       |   125 |   122 ||   247
 Fire: Hand crossbow     |    19 |    33 ||    52
  Use: Scroll            |       |     6 ||     6
       Potion            |       |     1 ||     1
 Stab: Sleeping          |     4 |     2 ||     6
  Eat: Chunk             |    11 |     6 ||    17
Armor: Leather armour    |    29 |       ||    29
       Robe              |       |    38 ||    38
Dodge: Dodged            |   119 |   172 ||   291

Table legend:
 A = Non-vault XP
 B = Vault XP
 C = Vault XP percentage of total XP
 D = Non-vault monster count
 E = Vault monster count
 F = Vault count percentage of total count
                 A         B        C        D         E       F
            +---------+---------+-------+---------+---------+-------
      Total |     201 |       9 |   4.3 |      56 |       5 |   8.2
            +---------+---------+-------+---------+---------+-------
        D:1 |      44 |       9 |  17.0 |      25 |       5 |  16.7
        D:2 |     140 |       0 |   0.0 |      28 |       0 |   0.0
        D:3 |      17 |       0 |   0.0 |       3 |       0 |   0.0
            +---------+---------+-------+---------+---------+-------
